 Dungeon Crawl Stone Soup version 0.24.0-123-gd5b16e6ec5 (webtiles) character file.

Game seed: 5804459367889365903, levelgen mode: deterministic

370 Martska the Destroyer (level 6, 0/49 HPs)
             Began as a Deep Elf Conjurer on Jan 24, 2020.
             Slain by an ogre
             ... wielding a +0 giant club
              (3 damage)
             ... on level 4 of the Dungeon.
             The game lasted 00:09:00 (3284 turns).

Martska the Destroyer (Deep Elf Conjurer)           Turns: 3284, Time: 00:09:01

Health: 0/49       AC: 23    Str:  7    XL:     6   Next: 42%
Magic:  12/12      EV:  2    Int: 20    God:
Gold:   208        SH:  0    Dex: 15    Spells: 8/11 levels left

rFire    . . .     SeeInvis .   (no weapon)
rCold    . . .     Gourm    .   (no shield)
rNeg     + + +     Faith    .   (armour currently unavailable)
rPois    +         Spirit   .   (helmet currently unavailable)
rElec    .         Reflect  .   (cloak currently unavailable)
rCorr    .         Harm     .   (gloves currently unavailable)
MR       .....     NoTele   +   (boots currently unavailable)
Stlth    ++........             (no amulet)
HPRegen  0.16/turn              (no ring)
MPRegen  0.13/turn              (no ring)

@: lethally poisoned (0 -> -2), tree-form, hasted, very quick
A: no striking features
a: no special abilities


You were on level 4 of the Dungeon.
You were not hungry.
You were a tree.
You visited 1 branch of the dungeon, and saw 6 of its levels.

You collected 208 gold pieces.

Inventory:

Armour
 a - a +0 robe (melded)
Jewellery
 k - an uncursed ring of fire {unknown}
Wands
 e - a wand of polymorph (5)
Scrolls
 d - 2 scrolls of enchant weapon {unknown}
 f - a scroll of remove curse
 g - 2 scrolls of fear {unknown}
 j - a scroll of amnesia {unknown}
 m - a scroll of immolation {unknown}
 p - 4 scrolls of identify {unknown}
 r - a scroll of vulnerability {unknown}
Potions
 h - 2 potions of lignification
 i - a potion of heal wounds {unknown}
 n - a potion of berserk rage {unknown}
 o - a potion of curing {unknown}
 q - a potion of resistance {unknown}
Comestibles
 c - 2 rations


   Skills:
 + Level 0.7 Fighting
 - Level 2.4 Dodging
 - Level 2.4 Stealth
 + Level 0.2 Unarmed Combat
 - Level 3.0 Spellcasting
 + Level 8.4 Conjurations


You had 8 spell levels left.
You knew the following spells:

 Your Spells              Type           Power        Failure   Level  Hunger
a - Magic Dart            Conj           ####         1%          1    None
b - Searing Ray           Conj           #####.       1%          2    ##.....

Your spell library contained the following spells:

 Spells                   Type           Power        Failure   Level  Hunger
 Iskenderun's Mystic Bla  Conj           #####...     4%          4    ####...
 Dazzling Spray           Conj/Hex       ###...       8%          3    ###....
 Force Lance              Conj/Tloc      ###.....     26%         4    ####...
 Fulminant Prism          Conj/Hex       ###.......   26%         4    ####...


Dungeon Overview and Level Annotations

Branches:
Dungeon (6/15)
 Temple: D:4-7

Altars:
Fedhas
Sif Muna

Annotations:
D:4 3 runed translucent doors, Locuples's ghost, novice DsAs


Message History

An ogre is nearby!
An ogre is nearby!
An ogre is nearby!
You feel sick.
You feel less invigorated.
You feel less confused.
You feel sick. The ogre hits you but does no damage.
The ogre hits you with a +0 giant club!
* * * LOW HITPOINT WARNING * * *
* * * LOW HITPOINT WARNING * * *
You feel sick. The ogre hits you but does no damage.
You cannot move.
You cannot move.
The ogre hits you but does no damage.
* * * LOW HITPOINT WARNING * * *
You feel sick. The ogre hits you but does no damage.
The ogre hits you but does no damage. The ogre hits you with a +0 giant club.
You die...

#########
......†.##########
#####.......<..##
#................#
...####.#.#.####..#
#####.#.#.# #>.#
.......O#.# #..#
##....†♣..# #..#
#.#.$##### #..#
#.#..# #..# #..
#..# #. #.)#
#..########..#
#.......†....#
..............#
.#########..#######


You could see an ogre.

Vanquished Creatures
  A scorpion (D:4)
  A howler monkey (D:4)
  A crimson imp (D:5)
  2 hounds (D:5)
  A bullfrog skeleton (D:5)
  Ijyb (D:5)
  A worker ant (D:4)
  5 adders
  An ooze (D:3)
  A dart slug (D:1)
  4 leopard geckos
  An orc (D:5)
  2 giant cockroaches (D:4)
  10 goblins
  10 hobgoblins
  4 jackals (D:5)
  3 bats
  4 frilled lizards
  A jackal skeleton (D:5)
  4 kobolds
  8 rats
66 creatures vanquished.

Vanquished Creatures (others)
  A plant (D:4)
1 creature vanquished.

Grand Total: 67 creatures vanquished

Notes
Turn   | Place    | Note
-------+----------+-------------------------------------------
     0 | D:1      | Martska the Deep Elf Conjurer began the quest for the Orb.
     0 | D:1      | Reached XP level 1. HP: 10/10 MP: 6/6
   158 | D:1      | Reached XP level 2. HP: 10/15 MP: 2/8
   421 | D:1      | Reached skill level 5 in Conjurations
  1202 | D:2      | Reached XP level 3. HP: 19/19 MP: 3/9
  1560 | D:2      | Reached skill level 6 in Conjurations
  1753 | D:2      | Reached XP level 4. HP: 20/24 MP: 0/10
  2281 | D:3      | You fall into a shaft and drop 3 floors!
  2295 | D:5      | Entered Level 5 of the Dungeon
  2303 | D:5      | Found a blossoming altar of Fedhas.
  2498 | D:4      | Noticed Locuples's ghost (novice DsAs)
  2498 | D:4      | Noticed a two-headed ogre
  2501 | D:4      | Noticed a phantom
  2515 | D:4      | Reached XP level 5. HP: 28/28 MP: 0/11
  2519 | D:4      | Found a runed translucent gate.
  2519 | D:4      | Found a runed translucent gate.
  2519 | D:4      | Found a runed translucent gate.
  2558 | D:4      | Reached skill level 7 in Conjurations
  2578 | D:4      | Noticed an ogre
  2746 | D:5      | Noticed Ijyb
  2823 | D:5      | Found a shimmering blue altar of Sif Muna.
  2866 | D:5      | Reached skill level 8 in Conjurations
  2866 | D:5      | Reached XP level 6. HP: 29/33 MP: 1/12
  2932 | D:5      | Learned a level 2 spell: Searing Ray
  3070 | D:5      | Killed Ijyb
  3284 | D:4      | Slain by an ogre

Levels and vault maps discovered:
D:1:      shiori_arrival_elements, layout_basic
D:2:      cheibrodos_greedy_goblins, layout_basic
D:3:      layout_loops_ring, first_ration, elyvilon_altar_1
D:4:      layout_loops_ring, gammafunk_temple_overflow_forgotten,
          gammafunk_ghost_split
D:5:      layout_loops_ring, minitemple, fedhas_altar_3, uniq_ijyb,
          uniq_eustachio
D:6:      layout_rooms, temple_green, serial_shops, nicolae_shop_window_shopping

Skill      XL: |  1  2  3  4  5 |
---------------+----------------+-----
Conjurations   | 5 6 8 |  8.4
Fighting       | |  0.7
Dodging        | |  2.4
Stealth        | |  2.4
Unarmed Combat | |  0.2
Spellcasting   | |  3.0

Action                   |  1- 3 |  4- 6 || total
-------------------------+-------+-------++-------
Melee: Unarmed           |       |    11 ||    11
 Cast: Magic Dart        |    67 |   100 ||   167
  Use: Scroll            |       |     3 ||     3
       Potion            |       |     3 ||     3
  Eat: Ration            |     1 |     1 ||     2
Armor: Robe              |     1 |     9 ||    10
       Skin              |       |     5 ||     5
Dodge: Dodged            |     7 |    55 ||    62
